cohdb
Replays
Latest Replays
All Replays
Popular Replays
Top Player Replays
Match Explorer
How It Works
Community
CoH3 Stats
Reddit
Sign in to upload your games and track your stats! →
Sign in with Steam
Match 45820493
Unlisted
Match 45820493
Overview
Messages
Build Orders
End
Selects Special Operations Battlegroup
Selects M29 Weasel Recon Vehicle
M29 Weasel Recon Vehicle
Construct Barracks
Riflemen Squad
Riflemen Squad
Grenade Package
Riflemen Squad
Infantry Support Center
Construct Weapon Support Center
Selects Smoke Screen
Smoke Screen
M3 Armored Personnel Carrier
M1918 Browning Automatic Rifles
Construct Medical Station
Smoke Screen
Demolitions Package
Engineer Squad
Selects P-47 Anti-Infantry Loiter
Selects UNKNOWN (2162291)
P-47 Anti-Infantry Loiter
Mortar Pit
Construct Tank Depot
Selects SSF Commando Squad
SSF Commando Squad
M4A1 Sherman Whizbang
Selects Assault Operation
Riflemen Squad
STALKER4732
kit.ohume
Devochkin
DebaKLeTV
runningDuck
Tirant
0
0
Comments
sign in to comment!
No comments posted yet!